 Dungeon Crawl Stone Soup version 0.28-a0-664-gc179e30c89 (webtiles) character file.

Game seed: 4581401029964992758

2184 Conn the Covert (level 9, -17/55 HPs)
             Began as an Octopode Fire Elementalist on Oct 15, 2021.
             Demolished by a large abomination (38 damage)
             ... on level 1 of the Abyss.
             The game lasted 00:20:48 (7802 turns).

Conn the Covert (Octopode Fire Elementalist)        Turns: 7802, Time: 00:20:49

Health: -17/55     AC:  1    Str:  8      XL:     9   Next: 33%
Magic:  16/16      EV: 13    Int: 20      God:
Gold:   434        SH:  0    Dex: 11 (12) Spells: 5/18 levels left

rFire   . . .      SeeInvis .   A - +0 short sword (venom)
rCold   . . .      Faith    .   (no shield)
rNeg    . . .      Spirit   .   (helmet restricted)
rPois   .          Reflect  .   (no amulet)
rElec   .          Harm     .   (no ring)
rCorr   .          Rampage  .   (no ring)
Will    .....                   (no ring)
Stlth   +++.......              (no ring)
HPRegen 0.00/turn               (no ring)
MPRegen 0.15/turn               (no ring)
                                (no ring)
                                (no ring)

@: confused, ambrosia-drunk, diseased
A: almost no armour, amphibious, 8 rings, camouflage 1, gelatinous body 1,
(nimble swimmer 1), tentacles
a: no special abilities


You were on level 1 of the Abyss.
You visited 2 branches of the dungeon, and saw 7 of its levels.
You visited the Abyss 1 time.

You collected 434 gold pieces.

Inventory:

Hand Weapons
 e - a +0 dagger
 p - a +0 dagger of distortion
 A - a +0 short sword of venom (weapon)
Missiles
 d - 35 poisoned darts
 j - 5 boomerangs of dispersal (quivered)
 z - a throwing net
Wands
 x - a wand of mindburst (4)
Scrolls
 c - 3 scrolls of fear {unknown}
 f - 2 scrolls of amnesia {unknown}
 i - 2 scrolls of torment
 k - a scroll of enchant weapon {unknown}
 l - 2 scrolls of holy word {unknown}
 m - 2 scrolls of fog
 o - 3 scrolls of teleportation {unknown}
 u - a scroll of immolation {unknown}
 v - a scroll of vulnerability {unknown}
 y - a scroll of blinking {unknown}
Potions
 a - 2 potions of attraction
 b - a potion of resistance
 g - 2 potions of cancellation
 h - a potion of ambrosia
 n - 2 potions of might
 q - 2 potions of magic
 r - 3 potions of flight
 t - a potion of haste {unknown}
 w - a potion of curing


   Skills:
 + Level 2.5 Fighting
 + Level 3.7 Short Blades
 + Level 3.3 Dodging
 + Level 8.2 Stealth
 + Level 5.1 Spellcasting
 * Level 4.4 Conjurations
 + Level 1.3 Hexes
 * Level 6.5 Fire Magic


You had 5 spell levels left.
You knew the following spells:

 Your Spells              Type           Power      Damage    Failure   Level
a - Foxfire               Conj/Fire      100%       2x1d9     1%          1
b - Conjure Flame         Conj/Fire      27%        6-21      3%          3
c - Inner Flame           Hex/Fire       20%        N/A       7%          3
d - Flame Wave            Conj/Fire      27%        3d6       12%         4
e - Scorch                Fire           62%        2d8       1%          2

Your spell library contained the following spells:

 Spells                   Type           Power      Damage    Failure   Level
 Dazzling Flash           Conj/Hex       32%        N/A       11%         3
 Iskenderun's Mystic Bla  Conj/Tloc      14%        2d5       41%         4
 Starburst                Conj/Fire      13%        6d6       88%         6


Dungeon Overview and Level Annotations

Branches:
Dungeon (6/15)             Temple (1/1) D:5

Altars:
Dithmenos
Elyvilon
Fedhas
Gozag
Qazlal
Ru
Trog
Uskayaw
Vehumet
Wu Jian
Zin
The Shining One
Lugonu


Innate Abilities, Weirdness & Mutations

You cannot wear most types of armour.
You are amphibious.
You can wear up to eight rings at the same time.
Your skin changes colour to match your surroundings (Stealth+).
Your rubbery body absorbs attacks. (AC +1, EV +1)
((You are camouflaged near water. (Stealth+)))
You have tentacles for arms and can constrict up to eight enemies at once.


Message History

A quasit comes into view.
A lurking horror comes into view.
Found a bloodstained scimitar.
An ufetubus comes into view.
The ufetubus shouts!
The quasit gives a chilling moan.
You hear a horrible gurgling sound!
The ufetubus hits you. x2
* * * LOW HITPOINT WARNING * * *
There are no items here.
Unknown command.
Unknown command.
Unknown command.
There are no items here.
Press: ? - help, v - describe, . - travel, g - get item Item here: a bloodstained scimitar.
The floor.
Unknown command.
Unknown command.
Unknown command.
Okay, then.
It was a potion of curing.
You feel better. The ufetubus hits you. x2
* * * LOW HITPOINT WARNING * * *
The ufetubus barely misses you. x2
Okay, then.
Okay, then.
Unknown command.
Unknown command.
Unknown command.
Okay, then.
Press: ? - help, v - describe, . - travel
Here: a large abomination The floor.
Unknown command.
Unknown command.
It was a potion of ambrosia.
You are confused.
You feel invigorated. The ufetubus barely misses you. x2
The large abomination hits you!!!
Ouch! That really hurt!
You die...

........
....##..
.u....#.#.#####
......#.# #
.#...#.#.. .3#
#....#### .
#..##5## .*..
#..X### ...
#.###X.# # ..#
##@# ##3 #5# #
#.) .... ##...
#.#. .#.# ## #


You could see 2 large abominations, a quasit and an ufetubus.

Vanquished Creatures
  Grinder (Abyss:1)
  A raiju (Abyss:1)
  A ynoxinul (Abyss:1)
  The ghost of vcds the Vexing, an amateur SpEn (D:5)
  Menkaure (D:4)
  A sky beast (D:6)
  2 necrophages
  2 scorpions (D:5)
  2 water moccasin skeletons
  A bullfrog zombie (D:5)
  A quasit (Abyss:1)
  2 hounds
  5 iguanas
  Crazy Yiuf (D:5)
  A scorpion zombie (D:5)
  A howler monkey zombie (D:5)
  6 gnolls
  6 adders
  A worm (D:3)
  4 dart slugs
  7 orcs
  6 bats
  7 endoplasms
  2 giant cockroaches (D:3)
  5 goblins
  5 hobgoblins
  12 kobolds
  8 quokkas
  3 ball pythons
  A frilled lizard (D:1)
  7 rats
104 creatures vanquished.

Vanquished Creatures (others)
  244 foxfires
244 creatures vanquished.

Grand Total: 348 creatures vanquished

Notes
Turn   | Place    | Note
-------+----------+-------------------------------------------
     0 | D:1      | Conn the Octopode Fire Elementalist began the quest for the
                  | Orb.
     0 | D:1      | Reached XP level 1. HP: 11/11 MP: 3/3
   373 | D:1      | Reached XP level 2. HP: 17/17 MP: 5/5
   448 | D:1      | Found a faded altar of an unknown god.
  1130 | D:2      | Reached skill level 1 in Short Blades
  1130 | D:2      | Reached XP level 3. HP: 21/21 MP: 0/6
  1450 | D:2      | Reached skill level 3 in Stealth
  1528 | D:3      | Reached XP level 4. HP: 16/27 MP: 5/7
  1999 | D:3      | Found an ornate altar of the Wu Jian Council.
  2448 | D:3      | Reached XP level 5. HP: 31/31 MP: 8/8
  4364 | D:4      | Noticed Menkaure
  4377 | D:4      | Killed Menkaure
  4378 | D:4      | Reached skill level 4 in Stealth
  4378 | D:4      | Reached XP level 6. HP: 7/37 MP: 10/10
  4633 | D:4      | Found a blossoming altar of Fedhas.
  5335 | D:5      | Entered Level 5 of the Dungeon
  5346 | D:5      | Noticed a necrophage
  5354 | D:5      | Killed a necrophage
  5355 | D:5      | Reached skill level 5 in Stealth
  5355 | D:5      | Reached XP level 7. HP: 32/42 MP: 12/12
  5428 | D:5      | Learned a level 3 spell: Conjure Flame
  5432 | D:5      | Learned a level 3 spell: Inner Flame
  5437 | D:5      | Learned a level 4 spell: Flame Wave
  5465 | D:5      | Reached skill level 1 in Fighting
  5570 | D:5      | Noticed vcds's ghost (amateur SpEn)
  5639 | D:5      | Found a runed translucent gate.
  5639 | D:5      | Found a runed translucent gate.
  5639 | D:5      | Found a runed translucent gate.
  5726 | D:5      | Reached skill level 6 in Stealth
  5748 | D:5      | Found a staircase to the Ecumenical Temple.
  5756 | Temple   | Entered the Ecumenical Temple
  5909 | D:5      | Killed vcds's ghost
  5910 | D:5      | Reached skill level 7 in Stealth
  5910 | D:5      | Reached skill level 5 in Fire Magic
  5910 | D:5      | Reached XP level 8. HP: 44/50 MP: 5/14
  6114 | D:5      | Found a runed translucent door.
  6115 | D:5      | Noticed Crazy Yiuf
  6122 | D:5      | Killed Crazy Yiuf
  6221 | D:5      | Found a white marble altar of Elyvilon.
  6619 | D:4      | Found a hide-covered altar of Uskayaw.
  6619 | D:4      | Found a sacrificial altar of Ru.
  7075 | D:6      | Noticed Grinder
  7078 | D:6      | Banished Grinder
  7309 | D:6      | Learned a level 2 spell: Scorch
  7383 | D:6      | Cast into level 1 of the Abyss (unwielding a weapon of
                  | distortion)
  7383 | Abyss:1  | Found a corrupted altar of Lugonu.
  7418 | Abyss:1  | Noticed a vampire mage
  7438 | Abyss:1  | Noticed a raiju
  7446 | Abyss:1  | Killed a raiju
  7447 | Abyss:1  | Reached skill level 8 in Stealth
  7447 | Abyss:1  | Reached skill level 1 in Hexes
  7447 | Abyss:1  | Reached XP level 9. HP: 18/55 MP: 2/16
  7447 | Abyss:1  | Killed Grinder
  7448 | Abyss:1  | Reached skill level 5 in Spellcasting
  7727 | Abyss:1  | Noticed a smoke demon
  7784 | Abyss:1  | Noticed an ancient zyme
  7787 | Abyss:1  | Noticed a large abomination
  7791 | Abyss:1  | Noticed a starcursed mass
  7793 | Abyss:1  | Noticed a brown very ugly thing
  7793 | Abyss:1  | Noticed a brown very ugly thing
  7793 | Abyss:1  | Noticed a large abomination
  7802 | Abyss:1  | Demolished by a large abomination

Illustrated notes

Levels and vault maps discovered:
D:1:      shiori_arrival_oz, layout_loops_ring,
          hellmonk_ecumenical_altar_zigzags
D:2:      layout_basic
D:3:      layout_basic, nzn_wu_jian_council_hall
D:4:      layout_loops_ring, gammafunk_temple_overflow_elements,
          general_overflow_altar, minmay_misc_feat_four_crosses,
          grunt_ministairs_5, dk_noncrumbling_4, uniq_menkaure
D:5:      layout_rooms, nicolae_elyvilon_temple_path, minmay_temple_entry_fiery,
          gammafunk_ghost_split, minivault_24, minivault_14,
          uniq_crazy_yiuf_cottage
D:6:      layout_basic, lemuel_coloured_pillars_altar,
          overflow_temple_1_default, uniq_grinder
Temple:   corrupted_temple
Abyss:1:  base: D:1, abyss_exit_lava

Skill      XL: |  1  2  3  4  5  6  7  8  9 |
---------------+----------------------------+-----
Short Blades   | 1 2 3 |  3.7
Stealth        | 3 4 5 7 8 |  8.2
Fire Magic     | 4 5 6 |  6.5
Conjurations   | 2 3 4 |  4.4
Spellcasting   | 3 4 5 |  5.1
Fighting       | 2 |  2.5
Dodging        | 3 |  3.3
Hexes          | 1 |  1.3

Action                   |  1- 3 |  4- 6 |  7- 9 || total
-------------------------+-------+-------+-------++-------
Melee: Dagger            |    27 |    72 |    27 ||   126
       Constrict         |     7 |    20 |     8 ||    35
       Tentacles         |     2 |     6 |     7 ||    15
       Short sword       |       |       |    18 ||    18
Throw: Throwing net      |       |     1 |       ||     1
 Cast: Foxfire           |    21 |    87 |    39 ||   147
       Inner Flame       |       |       |     5 ||     5
       Conjure Flame     |       |       |     3 ||     3
       Flame Wave        |       |       |     5 ||     5
       Scorch            |       |       |     2 ||     2
  Use: Potion            |       |     2 |     3 ||     5
       Scroll            |       |       |     7 ||     7
 Stab: Sleeping          |     4 |    11 |     4 ||    19
       Held in net/web   |       |     2 |       ||     2
Armor: Skin              |       |     3 |    38 ||    41
Dodge: Dodged            |    15 |    48 |    21 ||    84

Table legend: (Time is in decaauts)
 A = Elapsed time spent in this place.
 B = Non-inter-level travel time spent in this place.
 C = Inter-level travel time spent in this place.
 D = Time resting spent in this place.
 E = Time spent auto-exploring this place.
 F = Levels seen in this place.
 G = Mean time per level.
                   A        B        C        D        E       F      G
               +--------+--------+--------+--------+--------+-----+--------+
         Total |   7793 |   7420 |    373 |    882 |   4574 |   8 |  974.1 |
       Dungeon |   7316 |   6943 |    373 |    605 |   4556 |   6 | 1219.3 |
        Temple |     59 |     59 |      0 |      0 |     18 |   1 |   59.0 |
         Abyss |    417 |    417 |      0 |    277 |      0 |   1 |  417.0 |
               +--------+--------+--------+--------+--------+-----+--------+

Top non-repeatable levels by time:
     D:3: 1997 daAuts
     D:4: 1609 daAuts
     D:2: 1146 daAuts
     D:5: 1086 daAuts
     D:1: 1062 daAuts
 Abyss:1: 417 daAuts
     D:6: 414 daAuts
  Temple: 59 daAuts
